 Dungeon Crawl Stone Soup version 0.32-a0-938-g40ac7a0 (webtiles) character file.

Game seed: 10522270430382257466

861 Dorkslayer the Ruffian (level 8, 0/48 HPs)
             Began as an Octopode Shapeshifter on Apr 17, 2024.
             Slain by a ribbon worm (6 damage)
             ... on level 4 of the Dungeon.
             The game lasted 00:07:30 (3123 turns).

Dorkslayer the Ruffian (Octopode Shapeshifter)      Turns: 3123, Time: 00:07:31

Health: 0/48       AC:  3    Str: 16    XL:     8   Next: 2%
Magic:  8/8        EV: 13    Int:  8    God:
Gold:   168        SH:  0    Dex: 14    Spells: 7/7 levels left

rFire   + .          .
                       - Unarmed
rCold   + . .        (no shield)
rNeg    . . .        (helmet currently unavailable)
rPois   .            f - amulet "Vuphe" {Acrobat rF+ rC+ Int-4 Dex+3}
rElec   .            (no ring)
rCorr   .            (no ring)
SInv    .            (no ring)
Will    .....        (no ring)
Stlth   ++++         (no ring)
HPRegen 0.28/turn    (no ring)
MPRegen 0.11/turn    (no ring)
                     (no ring)

%: acrobat
@: beast-form
A: beast (slay +2), almost no armour, amphibious, 8 rings, camouflage 1,
gelatinous body 1, (nimble swimmer 1), tentacles, iridescent scales 1, wild
magic 1, evolution 1
a: Begin Untransformation


You were on level 4 of the Dungeon.
You were a hulking beast.
You visited 1 branch of the dungeon, and saw 4 of its levels.

You collected 168 gold pieces.

Inventory:

Jewellery
 f - the amulet "Vuphe" (around mantle) {Acrobat rF+ rC+ Int-4 Dex+3}
   (You found it on level 3 of the Dungeon)

   [amulet of the acrobat]

   Acrobat:   It increases your evasion while moving and waiting.
   Int-4:     It affects your intelligence (-4).
   Dex+3:     It affects your dexterity (+3).
   rF+:       It protects you from fire.
   rC+:       It protects you from cold.
Talismans
 b - a beast talisman (active)
 c - a flux talisman
Scrolls
 d - a scroll of identify
Potions
 a - 2 potions of lignification
 e - a potion of heal wounds
 g - 2 potions of brilliance
 h - a potion of mutation


   Skills:
 + Level 1.6 Fighting
 + Level 3.0 Dodging
 + Level 4.7 Stealth
 * Level 7.6 Unarmed Combat
 + Level 3.9 Shapeshifting


You had 7 spell levels left.
You didn't know any spells.
Your spell library contained the following spells:

 Spells                   Type           Power      Damage    Failure   Level
 Summon Small Mammal      Summ           0%         N/A       50%         1
 Call Canine Familiar     Summ           0%         N/A       85%         3
 Summon Blazeheart Golem  Fire/Summ      0%         N/A       99%         4


Dungeon Overview and Level Annotations

Branches:
Dungeon (4/15)
 Temple: D:4-7

Altars:
Xom
The Shining One

Shops:
D:3 [


Innate Abilities, Weirdness & Mutations

You are a hulking beast.
Your limbs bulge with bestial killing power. (Slay +2)
You cannot wear most types of armour.
You are amphibious.
You can wear up to eight rings at the same time.
Your skin changes colour to match your surroundings (Stealth+).
Your rubbery body absorbs attacks. (AC +1, EV +1)
((You are camouflaged when in or above water. (Stealth+)))
You have tentacles for arms and can constrict up to eight enemies at once.
You are partially covered in iridescent scales. (AC +2)
Your spells are a little harder to cast, but a little more powerful.
You have hidden genetic potential.


Message History

The ball python completely misses you. The ball python misses you.
The ball python bites you. The ball python misses you.
The orc shouts!
You bludgeon the ball python!
You kill the ball python!
You hear a shout! x2
A ribbon worm comes into view.
The orc completely misses you.
You see here a ball python corpse.
You barely miss the orc. Your grab misses the orc.
The orc completely misses you.
You bludgeon the orc!
You kill the orc!
An ogre comes into view. It is wielding a +0 giant club.
The ribbon worm expels a string of sticky webbing.
The stream of webbing hits you but does no damage.
You are caught in a web!
The web tears apart.
The kobold misses you.
A hobgoblin comes into view. It is wielding a +0 club.
You see here a +0 flail.
You tentacle-slap the kobold. You grab the kobold. You squeeze the kobold.
You kill the kobold!
The ribbon worm expels a string of sticky webbing.
The stream of webbing misses you.
Found 2 potions of haste.
You see here a +0 short sword.
You tentacle-slap the ogre.
The ogre is lightly wounded.
The ogre hits you with a +0 giant club!
You tentacle-slap the ogre.
The ogre is moderately wounded.
The ribbon worm bites you.
You barely miss the ogre.
The ogre is moderately wounded.
The ogre hits you with a +0 giant club!!
Ouch! That really hurt!
* * * LOW HITPOINT WARNING * * *
The ribbon worm bites you.
You die...

.##.....###### ..).....#
###.....# #...#### #...#
########## #...#
###........# . #...#
#......#...# ...
#...###..)..##†).#.....
##...##......##)hg'.....
...........####wO.#.....
......###### #...##....
......# #...# #(.!
##...## #...# ### #...#
#...# #)..# '...# #...#
#...# ##...##


You could see an ogre, a ribbon worm (catching breath) and a hobgoblin.

Vanquished Creatures
  Pikel (D:4)
  An ogre (D:3)
  Blork the orc (D:4)
  2 bombardier beetles
  A gnoll bouda (D:4)
  3 gnolls (D:4)
  4 adders
  2 ribbon worms
  5 dart slugs
  3 orcs (D:4)
  6 ball pythons
  4 endoplasms
  3 giant cockroaches (D:1)
  7 goblins
  10 hobgoblins
  7 jackals
  3 quokkas
  3 bats
  5 frilled lizards
  3 kobolds
  7 rats
81 creatures vanquished.

Notes
Turn   | Place    | Note
-------+----------+-------------------------------------------
     0 | D:1      | Dorkslayer the Octopode Shapeshifter began the quest for
                  | the Orb.
     0 | D:1      | Reached XP level 1. HP: 13/13 MP: 1/1
   153 | D:1      | Reached XP level 2. HP: 18/18 MP: 2/2
   884 | D:1      | Reached XP level 3. HP: 23/23 MP: 3/3
  1258 | D:2      | Reached skill level 1 in Stealth
  1349 | D:2      | Reached skill level 4 in Unarmed Combat
  1978 | D:3      | Reached XP level 4. HP: 27/28 MP: 4/4
  2027 | D:3      | Identified the amulet "Vuphe" {Acrobat rF+ rC+ Int-4 Dex+3}
  2063 | D:3      | Found a shimmering altar of Xom.
  2209 | D:3      | Found Ciaqez's Antique Armour Emporium.
  2222 | D:3      | Noticed an ogre
  2224 | D:3      | Reached XP level 5. HP: 26/33 MP: 5/5
  2234 | D:3      | Killed an ogre
  2235 | D:3      | Reached skill level 5 in Unarmed Combat
  2418 | D:4      | Noticed Pikel
  2418 | D:4      | Noticed a lemure
  2418 | D:4      | Noticed a lemure
  2418 | D:4      | Noticed a lemure
  2418 | D:4      | Noticed a lemure
  2425 | D:4      | Killed Pikel
  2426 | D:4      | Reached skill level 7 in Unarmed Combat
  2426 | D:4      | Reached XP level 6. HP: 26/38 MP: 6/6
  2426 | D:4      | Reached XP level 7. HP: 30/43 MP: 7/7
  2496 | D:4      | Found a glowing golden altar of the Shining One.
  2656 | D:4      | Gained mutation: You are partially covered in iridescent
                  | scales. (AC +2) [potion of mutation]
  2656 | D:4      | Gained mutation: Your spells are a little harder to cast,
                  | but a little more powerful. [potion of mutation]
  2656 | D:4      | Gained mutation: You have hidden genetic potential. [potion
                  | of mutation]
  2993 | D:4      | Noticed Blork the orc
  3000 | D:4      | Killed Blork the orc
  3001 | D:4      | Reached XP level 8. HP: 46/48 MP: 8/8
  3123 | D:4      | Slain by a ribbon worm

Illustrated notes

Levels and vault maps discovered:
D:1:      dpeg_arrival_prison, layout_basic, serial_corexii_hall,
          chequers_hall_statues_y, corexii_hall_statues_x,
          chequers_hall_statues_corner_a, corexii_hall_statues_u, minivault_25,
          minmay_liquid_box, nrook_uturn
D:2:      layout_loops_ring
D:3:      layout_rooms, nicolae_overflow_crystal_walls, serial_shops, shop
D:4:      minmay_opposing_rooms, layout_loops_cross, kennysheep_little_box,
          serial_shops, nicolae_shop_crystal, solitary_fountain,
          corexii_leaking_fountain, dreamdust_princess_bridge,
          uniq_blork_the_orc, uniq_pikel

Skill      XL: |  1  2  3  4  5  6  7 |
---------------+----------------------+-----
Stealth        | 1 2 4 |  4.7
Unarmed Combat | 4 7 |  7.6
Dodging        | 3 |  3.0
Fighting       | |  1.6
Shapeshifting  | |  3.9

Action                     |  1- 3 |  4- 6 |  7- 9 || total
---------------------------+-------+-------+-------++-------
  Melee: Unarmed           |    75 |    36 |    45 ||   156
         Constrict         |    22 |     7 |     8 ||    37
         Tentacles         |     9 |     8 |     6 ||    23
         Punch             |     5 |     2 |     2 ||     9
    Use: Scroll            |     5 |     1 |       ||     6
         Potion            |       |     3 |     3 ||     6
   Stab: Sleeping          |     6 |     3 |     6 ||    15
 Armour: Skin              |    39 |    17 |    22 ||    78
  Dodge: Dodged            |    37 |    28 |    42 ||   107

Table legend: (Time is in decaauts)
 A = Elapsed time spent in this place.
 B = Non-inter-level travel time spent in this place.
 C = Inter-level travel time spent in this place.
 D = Time resting spent in this place.
 E = Time spent auto-exploring this place.
 F = Levels seen in this place.
 G = Mean time per level.
                   A        B        C        D        E       F      G
               +--------+--------+--------+--------+--------+-----+--------+
         Total |   3094 |   3094 |      0 |      0 |   2114 |   4 |  773.5 |
       Dungeon |   3094 |   3094 |      0 |      0 |   2114 |   4 |  773.5 |
               +--------+--------+--------+--------+--------+-----+--------+

Top non-repeatable levels by time:
     D:1: 1175 daAuts
     D:2: 741 daAuts
     D:4: 698 daAuts
     D:3: 478 daAuts
